 Dungeon Sprint DCSS version 0.21-a0-297-ga3d34c2 (webtiles) character file.

1704 potatolord6000 the Martial Artist (level 9, -8/86 HPs)
             Began as a Gnoll Transmuter on Sept 28, 2017.
             Was a High Priest of Sif Muna.
             Killed from afar by Harold (22 damage)
             ... with a bolt of fire
             ... in the Dungeon (Sprint VII: "The Pits").
             The game lasted 00:05:27 (1101 turns).

potatolord6000 the Martial Artist (GnTm)            Turns: 1101, Time: 00:05:28

Health: -8/86      AC:  8    Str: 15    XL:     9   Next: 3%
Magic:  3/21       EV:  8    Int: 22    God:    Sif Muna [*****.]
Gold:   0          SH:  0    Dex: 16    Spells: 3/24 levels left

rFire    x . .     SeeInvis .     - Unarmed
rCold    + + +     Gourm    .   (shield currently unavailable)
rNeg     . . .     Faith    .   (armour currently unavailable)
rPois    +         Spirit   .   (helmet currently unavailable)
rElec    .         Reflect  .   (cloak currently unavailable)
rCorr    .         Harm     .   (gloves currently unavailable)
MR       .....     NoTele   +   (boots currently unavailable)
Stlth    +++.......             (no amulet)
HPRegen  0.24/turn              s - +3 ring of intelligence
MPRegen  0.17/turn              t - +3 ring of intelligence

@: ice-form, held
A: distributed training, strong nose
a: End Transformation, Divine Energy, Channel Magic, Forget Spell, Renounce
Religion


You were in the Dungeon.
You worshipped Sif Muna.
Sif Muna was extremely pleased with you.
You were very full.
You were a creature of crystalline ice.
You visited 1 branch

Inventory:

Hand Weapons
 w - a +4 quarterstaff of speed (melded)
Armour
 a - a +3 ring mail of magic resistance (melded)
 b - a +0 pair of gloves (melded)
Jewellery
 s - a +3 ring of intelligence (left front paw)
 t - a +3 ring of intelligence (right front paw)
Scrolls
 j - a scroll of blinking
 l - 3 scrolls of remove curse
 m - 4 scrolls of amnesia
 n - a scroll of summoning
Potions
 e - 6 potions of curing
 f - 8 potions of heal wounds
 g - a potion of haste
 h - 4 potions of magic
 i - 3 potions of berserk rage
 k - 2 potions of invisibility
 u - 2 potions of resistance
 v - a potion of brilliance
Books
 c - a book of Changes

   Spells                             Type                      Level
   a - Beastly Appendage              Transmutation                1
   b - Sticks to Snakes               Transmutation                2
   c - Spider Form                    Transmutation/Poison         3
   d - Ice Form                       Ice/Transmutation            4
   e - Blade Hands                    Transmutation                5
 r - Sif Muna's Volume of Supportive Poisoning
   (Sif Muna gifted it to you in the Dungeon)

   Spells                             Type                      Level
   a - Summon Small Mammal            Summoning                    1
   b - Summon Guardian Golem          Hexes/Summoning              3
   c - Summon Ice Beast               Ice/Summoning                4
   d - Olgreb's Toxic Radiance        Poison                       4
   e - Summon Lightning Spire         Summoning/Air                4
   f - Summon Demon                   Summoning                    5
   g - Alistair's Intoxication        Transmutation/Poison         5
Comestibles
 d - 8 bread rations
 o - 40 fruits
 p - 4 meat rations


   Skills:
 + Level 7.1 Fighting
 + Level 6.4 Short Blades
 + Level 7.1 Long Blades
 + Level 6.6 Axes
 + Level 6.8 Maces & Flails
 + Level 6.5 Polearms
 + Level 7.2 Staves
 + Level 7.0 Slings
 + Level 6.5 Bows
 + Level 6.5 Crossbows
 + Level 7.3 Throwing
 + Level 6.7 Armour
 + Level 8.7 Dodging
 + Level 6.7 Stealth
   Level 0.0 Stabbing
 + Level 6.7 Shields
   Level 0.0 Traps
 + Level 9.5 Unarmed Combat
 + Level 8.2 Spellcasting
 + Level 7.2 Conjurations
 + Level 6.7 Hexes
 + Level 6.6 Charms
 + Level 6.2 Summonings
 + Level 6.6 Necromancy
 + Level 6.7 Translocations
 + Level 8.4 Transmutations
 + Level 7.0 Fire Magic
 + Level 7.0 Ice Magic
 + Level 7.0 Air Magic
 + Level 7.1 Earth Magic
 + Level 6.4 Poison Magic
 + Level 7.1 Invocations
 + Level 6.2 Evocations


You had 3 spell levels left.
You knew the following spells:

 Your Spells              Type           Power        Failure   Level  Hunger
a - Spider Form           Tmut/Pois      #####.....   1%          3    None
b - Ice Form              Ice/Tmut       #####...     3%          4    ###....
c - Blade Hands           Tmut           #####.....   6%          5    #####..
d - Summon Ice Beast      Ice/Summ       #####...     4%          4    ###....
e - Summon Demon          Summ           #####.....   16%         5    #####..


Dungeon Overview and Level Annotations

Branches:
Dungeon (1/1)

Altars:
Ashenzari
Cheibriados
Dithmenos
Elyvilon
Fedhas
Gozag
Hepliaklqana
Kikubaaqudgha
Makhleb
Nemelex Xobeh
Okawaru
Qazlal
Ru
Sif Muna
Trog
Uskayaw
Vehumet
Wu Jian
Xom
Yredelemnul
Zin
The Shining One
Beogh
Jiyva
Lugonu

Annotations:
D Harold


Innate Abilities, Weirdness & Mutations

Your experience applies equally to all skills.
((You have very sharp teeth.))
Your uncanny sense of smell can sniff out nearby items.


Message History

The rime drake closely misses your ice beast.
The jumping spider pounces on you!
* * * LOW HITPOINT WARNING * * *
You are caught in a web!
The jumping spider bites you!
* * * LOW HITPOINT WARNING * * *
Your ice beast hits the jumping spider but does no damage.
Harold says, "Bounty hunting has been great, but I can't wait to retire."
You feel much better. The jumping spider pounces on you!
* * * LOW HITPOINT WARNING * * *
The jumping spider bites you.
* * * LOW HITPOINT WARNING * * *
The rime drake barely misses your ice beast.
The bog body casts a spell at you. The bolt of cold misses you.
Your ice beast hits the rime drake.
Your ice beast freezes the rime drake.
The rime drake resists.
Your ice beast hits the jumping spider but does no damage.
The gargoyle hits your ice beast with a flail!!
Harold gestures at you while chanting. The bolt of fire hits you!
The fire burns you terribly!
You die...

#####'#####''######
##.......##''#
##.......##..#
##.......##..# +#
##...<...##..# #.##
##.......##..# #...##
##.......##รท.####9....#
##.......##...##Y@....#
##########....YYs....+
###########...##Yn....#
....#..[[##..####k....#
....#..[.##..# #...##
....'..))##..# #.##
....#.!))##..# +#
....#..)[##..#
##############


You could see Harold, a bog body, a rime drake, a jumping spider, a gargoyle and
3 friendly ice beasts.

Vanquished Creatures
  A phantasmal warrior (D)
  An elephant (D)
  A spriggan (D)
  A wraith (D)
  A hungry ghost (D)
  A basilisk (D)
  A floating eye (D)
  A black bear (D)
  A sky beast (D)
  A quasit (D)
  2 orc priests (D)
  A jelly (D)
  An orc wizard (D)
  An iron imp (D)
  Ijyb (D)
  A mummy (D)
  An adder (D)
  An ufetubus (D)
  A leopard gecko (D)
  2 orcs (D)
  A hobgoblin (D)
  3 jackals (D)
  2 quokkas (D)
  A ball python (D)
  A frilled lizard (D)
  A quokka zombie (D)
  A rat (D)
32 creatures vanquished.

Notes
Turn   | Place    | Note
-------+----------+-------------------------------------------
     0 | D        | potatolord6000 the Gnoll Transmuter began the quest for the Orb.
     0 | D        | Reached XP level 1. HP: 17/17 MP: 6/6
    14 | D        | Reached skill level 1 in Short Blades
    14 | D        | Reached skill level 1 in Translocations
    14 | D        | Reached skill level 1 in Ice Magic
    49 | D        | Found a bloodstained altar of Trog.
    49 | D        | Found a deep blue altar of Sif Muna.
    49 | D        | Found a viscous altar of Jiyva.
    49 | D        | Found a hazy altar of Hepliaklqana.
    49 | D        | Found an opulent altar of Gozag.
    50 | D        | Found a glowing golden altar of the Shining One.
    50 | D        | Found a glowing silver altar of Zin.
    50 | D        | Found a basalt altar of Yredelemnul.
    50 | D        | Found a shimmering altar of Xom.
    50 | D        | Found an ornate altar of the Wu Jian Council.
    50 | D        | Found a sacrificial altar of Ru.
    50 | D        | Found a stormy altar of Qazlal.
    50 | D        | Found an iron altar of Okawaru.
    50 | D        | Found a sparkling altar of Nemelex Xobeh.
    50 | D        | Found a burning altar of Makhleb.
    50 | D        | Found a blossoming altar of Fedhas.
    50 | D        | Found a white marble altar of Elyvilon.
    50 | D        | Found a shadowy altar of Dithmenos.
    50 | D        | Found a snail-covered altar of Cheibriados.
    53 | D        | Found a corrupted altar of Lugonu.
    53 | D        | Found a radiant altar of Vehumet.
    53 | D        | Found a roughly hewn altar of Beogh.
    54 | D        | Found an ancient bone altar of Kikubaaqudgha.
    54 | D        | Found a hide-covered altar of Uskayaw.
    54 | D        | Found a shattered altar of Ashenzari.
    55 | D        | Became a worshipper of Sif Muna the Loreminder
    66 | D        | Noticed a floating eye
    68 | D        | Paralysed by a floating eye for 2 turns
    71 | D        | Killed a floating eye
    71 | D        | Reached * piety under Sif Muna
    71 | D        | Reached skill level 5 in Dodging
    71 | D        | Reached skill level 7 in Unarmed Combat
    71 | D        | Reached skill level 5 in Spellcasting
    71 | D        | Reached skill level 5 in Transmutations
    71 | D        | Reached XP level 2. HP: 25/25 MP: 5/8
    71 | D        | Reached XP level 3. HP: 30/30 MP: 6/10
    71 | D        | Reached XP level 4. HP: 37/37 MP: 6/11
   214 | D        | Learned a level 3 spell: Spider Form
   219 | D        | Learned a level 4 spell: Ice Form
   252 | D        | Reached ** piety under Sif Muna
   252 | D        | Reached XP level 5. HP: 41/42 MP: 10/13
   398 | D        | Noticed a hungry ghost
   428 | D        | Reached XP level 6. HP: 35/49 MP: 15/15
   451 | D        | Killed a hungry ghost
   451 | D        | Reached *** piety under Sif Muna
   451 | D        | Reached skill level 5 in Fighting
   451 | D        | Reached skill level 8 in Unarmed Combat
   451 | D        | Reached skill level 5 in Conjurations
   451 | D        | Reached skill level 5 in Ice Magic
   454 | D        | Reached skill level 5 in Long Blades
   454 | D        | Reached skill level 5 in Staves
   454 | D        | Reached skill level 5 in Throwing
   539 | D        | Learned a level 5 spell: Blade Hands
   541 | D        | Noticed a wraith
   546 | D        | Killed a wraith
   546 | D        | Reached skill level 5 in Slings
   546 | D        | Reached skill level 5 in Crossbows
   546 | D        | Reached skill level 5 in Armour
   546 | D        | Reached skill level 5 in Stealth
   546 | D        | Reached skill level 5 in Shields
   546 | D        | Reached skill level 5 in Charms
   546 | D        | Reached skill level 5 in Necromancy
   546 | D        | Reached skill level 5 in Translocations
   546 | D        | Reached skill level 5 in Fire Magic
   546 | D        | Reached skill level 5 in Air Magic
   546 | D        | Reached skill level 5 in Earth Magic
   546 | D        | Reached skill level 5 in Invocations
   546 | D        | Reached XP level 7. HP: 46/56 MP: 11/17
   548 | D        | Noticed Ijyb
   557 | D        | Killed Ijyb
   557 | D        | Reached **** piety under Sif Muna
   557 | D        | Reached skill level 5 in Maces & Flails
   560 | D        | Reached skill level 5 in Axes
   560 | D        | Reached skill level 5 in Polearms
   560 | D        | Reached skill level 5 in Bows
   560 | D        | Reached skill level 5 in Hexes
   560 | D        | Reached skill level 5 in Poison Magic
   563 | D        | Reached skill level 5 in Short Blades
   563 | D        | Reached skill level 5 in Summonings
   563 | D        | Reached skill level 5 in Evocations
   726 | D        | Noticed a spriggan
   726 | D        | Noticed a phantasmal warrior
   732 | D        | Killed a phantasmal warrior
   732 | D        | Reached skill level 9 in Unarmed Combat
   732 | D        | Reached XP level 8. HP: 65/65 MP: 13/19
   736 | D        | Killed a spriggan
   736 | D        | Reached ***** piety under Sif Muna
   736 | D        | Identified Sif Muna's Volume of Supportive Poisoning (Sif Muna gifted it to you in the Dungeon)
   736 | D        | Received a gift from Sif Muna
   750 | D        | Learned a level 4 spell: Summon Ice Beast
   756 | D        | Learned a level 5 spell: Summon Demon
   758 | D        | Found the +13 scythe of Curses {drain, *Curse}
   875 | D        | Noticed an elephant
   891 | D        | Killed an elephant
   891 | D        | Reached XP level 9. HP: 36/72 MP: 4/21
  1094 | D        | Noticed a gargoyle
  1094 | D        | Noticed a jumping spider
  1094 | D        | Noticed Harold
  1094 | D        | Noticed a rime drake
  1101 | D        | Killed from afar by Harold

Vault maps used:
D:        pitsprint

Skill      XL: |  1  2  3  4  5  6  7  8 |
---------------+-------------------------+-----
Short Blades   | 2 3 4 5 6 |  6.4
Translocations | 3 4 5 6 |  6.7
Ice Magic      | 3 4 5 6 7 |  7.0
Fighting       | 3 4 5 6 7 |  7.1
Long Blades    | 2 4 5 6 7 |  7.1
Axes           | 2 3 4 5 6 |  6.6
Maces & Flails | 2 3 4 6 |  6.8
Polearms       | 2 3 4 5 6 |  6.5
Staves         | 3 4 5 6 7 |  7.2
Slings         | 2 3 5 6 7 |  7.0
Bows           | 3 4 6 |  6.5
Crossbows      | 2 3 5 6 |  6.5
Throwing       | 3 4 5 6 7 |  7.3
Armour         | 2 3 5 6 |  6.7
Dodging        | 5 6 7 8 |  8.7
Stealth        | 2 3 5 6 |  6.7
Shields        | 3 4 5 6 |  6.7
Unarmed Combat | 7 8 9 |  9.5
Spellcasting   | 5 6 7 8 |  8.2
Conjurations   | 3 4 5 6 7 |  7.2
Hexes          | 2 3 4 6 |  6.7
Charms         | 2 3 5 6 |  6.6
Summonings     | 2 3 4 5 6 |  6.2
Necromancy     | 3 4 5 6 |  6.6
Transmutations | 5 6 7 8 |  8.4
Fire Magic     | 2 3 5 6 7 |  7.0
Air Magic      | 2 3 5 6 7 |  7.0
Earth Magic    | 2 3 5 6 7 |  7.1
Poison Magic   | 2 3 4 5 6 |  6.4
Invocations    | 2 3 5 6 7 |  7.1
Evocations     | 2 3 4 5 6 |  6.2

Action                   |  1- 3 |  4- 6 |  7- 9 || total
-------------------------+-------+-------+-------++-------
Melee: Quarterstaff      |     3 |    47 |       ||    50
       Unarmed           |     1 |    38 |    37 ||    76
       Kick              |     1 |       |       ||     1
       Bite              |       |     2 |       ||     2
 Cast: Beastly Appendage |     2 |       |       ||     2
       Spider Form       |       |     2 |       ||     2
       Ice Form          |       |     1 |     3 ||     4
       Summon Ice Beast  |       |       |     8 ||     8
  Use: Scroll            |       |     1 |       ||     1
       Potion            |       |     2 |     3 ||     5
 Stab: Sleeping          |       |     1 |       ||     1
  Eat: Meat ration       |       |     1 |     2 ||     3
Armor: Robe              |       |     4 |       ||     4
       Ring mail         |       |    16 |       ||    16
       Skin              |       |       |    15 ||    15
Dodge: Dodged            |       |    51 |    26 ||    77

Table legend:
 A = Spawn XP
 B = Non-spawn XP
 C = Spawn XP percentage of total XP
 D = Spawn monster count
 E = Non-spawn monster count
 F = Spawn count percentage of total count
 G = Total turns spent on level
                    A         B        C        D         E        F      G
               +---------+---------+-------+---------+---------+-------+---------
         Total |       0 |    2435 |   0.0 |       0 |      32 |   0.0 |  1101
               +---------+---------+-------+---------+---------+-------+---------
             D |       0 |    2435 |   0.0 |       0 |      32 |   0.0 |  1101
               +---------+---------+-------+---------+---------+-------+---------
